 Dungeon Crawl Stone Soup version 0.27-a0-1139-g28e009f8a6 (webtiles) character file.

Game seed: 4522907354995395745

608 Kuinu the Sneak (level 7, 0/44 HPs)
             Began as a Kobold Brigand on May 7, 2021.
             Killed from afar by an orc wizard (8 damage)
             ... with a magic dart
             ... on level 4 of the Dungeon.
             The game lasted 00:05:18 (4663 turns).

Kuinu the Sneak (Kobold Brigand)                    Turns: 4663, Time: 00:05:19

Health: 0/44       AC:  4    Str:  8    XL:     7   Next: 71%
Magic:  7/7        EV: 17    Int: 12    God:
Gold:   138        SH:  0    Dex: 25    Spells: 6/6 levels left

rFire    . . .     SeeInvis .   a - +3 dagger
rCold    . . .     Faith    .   (shield restricted)
rNeg     . . .     Spirit   .   f - +0 leather armour
rPois    .         Reflect  .   (no helmet)
rElec    .         Harm     .   c - +0 cloak
rCorr    .         Rampage  .   (no gloves)
Will     +....                  (no boots)
Stlth    +++++.....             (no amulet)
HPRegen  0.14/turn              i - ring of willpower
MPRegen  0.10/turn              n - +6 ring of dexterity

@: no status effects
A: small, no large weapons, nightstalker 3
a: no special abilities


You were on level 4 of the Dungeon.
You visited 1 branch of the dungeon, and saw 4 of its levels.

You collected 138 gold pieces.

Inventory:

Hand Weapons
 a - a +3 dagger (weapon)
 m - a +0 rapier
Missiles
 d - 23 poisoned darts (quivered)
 e - 2 curare-tipped darts
Armour
 b - a +0 robe
 c - a +0 cloak (worn)
 f - a +0 leather armour (worn)
Jewellery
 i - a ring of willpower (left hand)
 n - a +6 ring of dexterity (right hand)
Wands
 p - a wand of paralysis (3)
 t - a wand of flame (19)
Scrolls
 r - a scroll of amnesia {unknown}
Potions
 g - 2 potions of lignification
 h - 2 potions of heal wounds {unknown}
 j - 2 potions of mutation
 k - a potion of cancellation
 l - a potion of brilliance {unknown}
 o - 2 potions of resistance {unknown}
 q - a potion of curing {unknown}
 u - 2 potions of haste {unknown}
 v - a potion of berserk rage {unknown}
 w - a potion of flight {unknown}


   Skills:
 * Level 4.7 Fighting
 * Level 5.6 Short Blades
 - Level 2.1 Throwing
 + Level 1.9 Armour
 * Level 4.7 Dodging
 + Level 6.6 Stealth


You had 6 spell levels left.
You didn't know any spells.
Your spell library was empty.

Dungeon Overview and Level Annotations

Branches:
Dungeon (4/15)
 Temple: D:4-7

Altars:

Annotations:
D:4 3 runed translucent doors, bmj180's ghost, amateur GnFi


Innate Abilities, Weirdness & Mutations

You are small and have problems with some larger weapons.
You are completely attuned to the shadows.


Message History

Reactivating autopickup.
You feel a bit more experienced.
You hear some strange, mumbled words.
Deactivating autopickup; reactivate with Ctrl-A.
You are confused.
Items here: )) [ †.
You hit something. Something hits you but does no damage.
You hit something. You completely miss something. Something barely misses you.
You bump into the rock wall.
Something hits you.
You bump into the rock wall.
Something closely misses you.
You barely miss something. Something hits you.
You bump into the rock wall.
You hear some strange, mumbled words.
Something tries to affect you, but you resist.
You bump into the rock wall.
You feel less confused. Something closely misses you.
You hit something but do no damage. You miss something. Something hits you.
You hit something. Something closely misses you.
You hit something but do no damage.
You hear some strange, mumbled words.
A puff of flame appears from out of thin air!
The puff of flame hits you.
You completely miss something. You closely miss something.
You hear some strange, mumbled words.
A magic dart appears from out of thin air!
The magic dart hits you.
* * * LOW HITPOINT WARNING * * *
You hit something. Something hits you but does no damage.
You hit something but do no damage. You barely miss something.
Something hits you.
* * * LOW HITPOINT WARNING * * *
You hit something.
You hear some strange, mumbled words.
A magic dart appears from out of thin air!
The magic dart hits you!
You die...

...#.....##
..........##
...........#
...........#
...........#
.).........#
.......>...#######
...............){#
..........######@#
...#.....## #.#
################.#
...# ##..#..#.#
##.###
##....###.##
#...###..).## #..#
######†..### ##.#
##.### #)# ##
##...## #####.#


There were no monsters in sight!

Vanquished Creatures
  A black bear (D:4)
  A phantom (D:4)
  A bullfrog (D:4)
  A scorpion (D:4)
  A vampire bat (D:4)
  2 orc priests
  A hound skeleton (D:4)
  5 adders
  An ufetubus (D:4)
  3 dart slugs
  3 fire bats (D:4)
  3 orcs
  2 spectral bats (D:4)
  14 bats
  3 bat skeletons (D:4)
  A bat zombie (D:4)
  5 endoplasms
  3 giant cockroaches
  2 goblins
  9 hobgoblins
  7 jackals
  6 kobolds
  2 quokkas
  4 ball pythons
  A bat simulacrum (D:4)
  3 frilled lizards
  5 rats
90 creatures vanquished.

Vanquished Creatures (others)
  An orc wizard (D:4)
1 creature vanquished.

Grand Total: 91 creatures vanquished

Notes
Turn   | Place    | Note
-------+----------+-------------------------------------------
     0 | D:1      | Kuinu the Kobold Brigand began the quest for the Orb.
     0 | D:1      | Reached XP level 1. HP: 12/12 MP: 1/1
   190 | D:1      | Reached XP level 2. HP: 17/18 MP: 2/2
  1159 | D:2      | Reached XP level 3. HP: 22/22 MP: 3/3
  1703 | D:2      | Reached XP level 4. HP: 28/28 MP: 4/4
  2625 | D:3      | Reached XP level 5. HP: 32/32 MP: 5/5
  2701 | D:3      | Reached skill level 1 in Armour
  3243 | D:4      | Noticed a bullfrog
  3267 | D:4      | Killed a bullfrog
  3268 | D:4      | Reached XP level 6. HP: 21/38 MP: 6/6
  3631 | D:4      | Reached skill level 6 in Stealth
  3712 | D:4      | Noticed a black bear
  3716 | D:4      | Killed a black bear
  3733 | D:4      | Found a runed translucent gate.
  3734 | D:4      | Found a runed translucent gate.
  3734 | D:4      | Found a runed translucent gate.
  3735 | D:4      | Noticed bmj180's ghost (amateur GnFi)
  3815 | D:4      | Reached skill level 5 in Short Blades
  3815 | D:4      | Reached XP level 7. HP: 25/44 MP: 7/7
  4663 | D:4      | Killed from afar by an orc wizard

Illustrated notes

Levels and vault maps discovered:
D:1:      amcnicky_arrival_double_pillar, layout_loops_corners
D:2:      layout_loops_ring
D:3:      layout_basic
D:4:      layout_rooms, gammafunk_ghost_split, goddamned_bats

Skill      XL: |  1  2  3  4  5  6 |
---------------+-------------------+-----
Short Blades   | 3 4 5 |  5.6
Dodging        | 2 3 4 |  4.7
Fighting       | 3 4 |  4.7
Armour         | 1 |  1.9
Stealth        | 6 |  6.6
Throwing       | |  2.1

Action                   |  1- 3 |  4- 6 |  7- 9 || total
-------------------------+-------+-------+-------++-------
Melee: Dagger            |    59 |   126 |   142 ||   327
  Use: Scroll            |       |     5 |     2 ||     7
 Stab: Sleeping          |    13 |    24 |    10 ||    47
Armor: Robe              |     5 |       |       ||     5
       Leather armour    |       |    14 |    50 ||    64
Dodge: Dodged            |    25 |    57 |   120 ||   202

Table legend: (Time is in decaauts)
 A = Elapsed time spent in this place.
 B = Non-inter-level travel time spent in this place.
 C = Inter-level travel time spent in this place.
 D = Time resting spent in this place.
 E = Time spent auto-exploring this place.
 F = Levels seen in this place.
 G = Mean time per level.
                   A        B        C        D        E       F      G
               +--------+--------+--------+--------+--------+-----+--------+
         Total |   4590 |   4449 |    141 |    227 |   3633 |   4 | 1147.5 |
       Dungeon |   4590 |   4449 |    141 |    227 |   3633 |   4 | 1147.5 |
               +--------+--------+--------+--------+--------+-----+--------+

Top non-repeatable levels by time:
     D:4: 1258 daAuts
     D:2: 1139 daAuts
     D:1: 1121 daAuts
     D:3: 1070 daAuts
